 Dungeon Crawl Stone Soup version 0.27.1-34-g3ba077fa99 (webtiles) character file.

Game seed: 18260495034133790530

118 comborobin the Ruffian (level 4, 0/45 HPs)
             Began as a Troll Delver on Jan 8, 2022.
             Was a Believer of Cheibriados.
             Slain by Pikel (1 damage)
             ... on level 4 of the Dungeon.
             The game lasted 00:02:48 (2706 turns).

comborobin the Ruffian (Troll Delver)               Turns: 2706, Time: 00:02:49

Health: 0/45       AC:  4    Str: 26    XL:     4   Next: 72%
Magic:  3/3        EV: 10    Int: 11    God:    Cheibriados [**....]
Gold:   232        SH:  0    Dex: 16    Spells: 2/3 levels left

rFire    . . .     SeeInvis .     - Unarmed
rCold    . . .     Faith    .   (no shield)
rNeg     . . .     Spirit   .   a - +0 robe
rPois    .         Reflect  .   (helmet restricted)
rElec    .         Harm     .   (no cloak)
rCorr    .         Rampage  .   (gloves unavailable)
Will     .....                  (boots unavailable)
Stlth    ++........             (no amulet)
HPRegen  1.15/turn              (no ring)
MPRegen  0.08/turn              (no ring)

@: very slow
A: large, unfitting armour, claws 3, regeneration 1, shaggy fur 1, tough skin 1
a: Renounce Religion, Bend Time


You were on level 4 of the Dungeon.
You worshipped Cheibriados.
Cheibriados was pleased with you.
You visited 2 branches of the dungeon, and saw 6 of its levels.

You collected 232 gold pieces.

Inventory:

Missiles
 k - 17 poisoned darts (quivered)
 p - 4 javelins
Armour
 a - a +0 robe (worn)
Wands
 f - a wand of digging (9)
 g - a wand of acid (4)
Scrolls
 b - 3 scrolls of fog
 c - a scroll of magic mapping
 d - a scroll of fear
 j - a scroll of blinking {unknown}
 l - a scroll of vulnerability {unknown}
 m - 4 scrolls of identify {unknown}
 r - a scroll of amnesia {unknown}
 s - 3 scrolls of teleportation {unknown}
Potions
 e - a potion of haste
 h - a potion of attraction {unknown}
 i - a potion of flight {unknown}
 n - a potion of lignification {unknown}
 o - a potion of degeneration {unknown}
 q - a potion of mutation {unknown}


   Skills:
 + Level 3.1 Fighting
 - Level 1.6 Dodging
 - Level 3.0 Stealth
 * Level 3.9 Unarmed Combat


You had 2 spell levels left.
You knew the following spells:

 Your Spells              Type           Power      Damage    Failure   Level
A - Apportation           Tloc           0%         N/A       34%         1

Your spell library contained the following spells:

 Spells                   Type           Power      Damage    Failure   Level
 Freeze                   Ice            0%         1d3       34%         1
 Frozen Ramparts          Ice            0%         1d2       71%         3
 Inner Flame              Hex/Fire       0%         N/A       71%         3
 Cause Fear               Hex            0%         N/A       98%         4
 Hailstorm                Conj/Ice       0%         3d3       98%         4
 Ice Form                 Ice/Tmut       0%         N/A       98%         4
 Summon Ice Beast         Ice/Summ       0%         N/A       98%         4
 Alistair's Intoxication  Tmut/Pois      0%         N/A       100%        5
 Invisibility             Hex            0%         N/A       100%        6
 Discord                  Hex            0%         N/A       100%        8


Dungeon Overview and Level Annotations

Branches:
Dungeon (5/15)             Temple (1/1) D:4

Altars:
Ashenzari
Cheibriados
Dithmenos
Elyvilon
Gozag
Hepliaklqana
Kikubaaqudgha
Makhleb
Okawaru
Ru
Sif Muna
Uskayaw
Vehumet
Wu Jian
Xom
Yredelemnul
Zin

Shops:
D:4 (

Annotations:
D:4 Pikel


Innate Abilities, Weirdness & Mutations

You are too large for most types of armour.
You have claws for hands.
Your natural rate of healing is unusually fast.
You are covered in fur. (AC +1)
You have tough skin. (AC +1)


Message History

Aim: Pikel, wielding a +1 whip of freezing, wearing a +0 robe and carrying a wand of charming (7) (moderately wounded, 64% to hit)
The bolt of acid misses Pikel.
The bolt of acid hits the lemure!
The lemure is splashed with acid.
The acid corrodes the lemure!
The lemure is heavily wounded.
The bolt of acid hits the lemure.
The lemure is splashed with acid.
The lemure is moderately wounded.
The bolt of acid hits the endoplasm.
The endoplasm completely resists.
Pikel zaps a wand.
You resist with some effort.
Unknown command.
Aiming: Corrosive Bolt
Press: ? - help, Shift-Dir - straight line, f/p - Pikel
Aim: Pikel, wielding a +1 whip of freezing, wearing a +0 robe and carrying a wand of charming (6) (moderately wounded, 64% to hit)
The bolt of acid hits Pikel!
Pikel is splashed with acid.
Pikel is severely wounded.
The bolt of acid hits the lemure!
The lemure is splashed with acid.
The lemure seems to be corroded for longer.
You kill the lemure!
That felt strangely unrewarding.
The bolt of acid hits the lemure.
The lemure is splashed with acid.
The acid corrodes the lemure!
The lemure is severely wounded.
The bolt of acid hits the endoplasm.
The endoplasm completely resists.
Pikel hits you with a +1 whip of freezing!
* * * LOW HITPOINT WARNING * * *
Pikel freezes you.
* * * LOW HITPOINT WARNING * * *
Aiming: Corrosive Bolt
Press: ? - help, Shift-Dir - straight line, f/p - Pikel
Aim: Pikel, wielding a +1 whip of freezing, wearing a +0 robe and carrying a wand of charming (6) (severely wounded, 64% to hit)
The bolt of acid hits Pikel.
Pikel is splashed with acid.
The acid corrodes Pikel!
Pikel is almost dead.
The bolt of acid hits the lemure!
The lemure is splashed with acid.
The lemure seems to be corroded for longer.
You kill the lemure!
That felt strangely unrewarding.
The bolt of acid hits the endoplasm.
The endoplasm completely resists.
Pikel hits you with a +1 whip of freezing.
* * * LOW HITPOINT WARNING * * *
Pikel freezes you.
You die...

.#....#..#.#.......#########.....
........................)........
...####...#........#######.#.....
..#####..#.#.......# ##.#.#...
........#...#..#.### #....#.##
..######..∩..#.#.### #......#
.>......#...#......# #...####
..####...#[#...#.#.# #...# ..#
#....#...##@#.# #...# #.#
###########K# . ##.### #.### #.#
.# #...# ....# #J# # #...# ....#
#)# #...# .(..# ?$...........#
..(.. ....# ........###..#
#...... #.### ..=.....# #
#....... #.### .........
#........


You could see Pikel (corroded) and an endoplasm.

Vanquished Creatures
  4 lemures (D:4)
  A howler monkey skeleton (D:4)
  2 adders
  4 worms
  A dart slug (D:2)
  2 orcs
  6 ball pythons
  10 endoplasms
  2 giant cockroaches
  7 goblins
  6 hobgoblins
  9 jackals
  A quokka (D:1)
  3 bats
  3 frilled lizards
  2 kobolds
  8 rats
71 creatures vanquished.

Notes
Turn   | Place    | Note
-------+----------+-------------------------------------------
     0 | D:5      | comborobin the Troll Delver began the quest for the Orb.
     0 | D:5      | Reached XP level 1. HP: 22/22 MP: 0/0
    28 | D:4      | Reached XP level 2. HP: 21/29 MP: 1/1
    53 | D:4      | Found a staircase to the Ecumenical Temple.
   115 | Temple   | Entered the Ecumenical Temple
   155 | Temple   | Became a worshipper of Cheibriados the Contemplative
   264 | D:4      | Found Madochi's Antique Weapon Boutique.
   552 | D:2      | Reached XP level 3. HP: 36/36 MP: 2/2
   894 | D:2      | Reached * piety under Cheibriados
   928 | D:2      | Found a faded altar of an unknown god.
  1334 | D:1      | Reached XP level 4. HP: 39/44 MP: 3/3
  1602 | D:1      | Reached ** piety under Cheibriados
  1733 | D:1      | Learned a level 1 spell: Apportation
  2667 | D:4      | Noticed a lemure
  2674 | D:4      | Killed a lemure
  2675 | D:4      | Noticed Pikel
  2675 | D:4      | Noticed a lemure
  2688 | D:4      | Killed a lemure
  2693 | D:4      | Noticed a lemure
  2695 | D:4      | Noticed a lemure
  2705 | D:4      | Killed a lemure
  2706 | D:4      | Killed a lemure
  2706 | D:4      | HP: 1/45 [Pikel (5)]
  2706 | D:4      | Slain by Pikel

Illustrated notes

Levels and vault maps discovered:
D:1:      lightli_arrival_statuegarden, layout_loops_ring, minmay_circled_x
D:2:      layout_loops_corners, basic_ecumenical_altar, minmay_misc_feat_plants,
          st_stairs_1
D:3:      layout_basic, st_stairs_14
D:4:      layout_basic, minmay_temple_entry_offerings, serial_shops,
          nicolae_diamond_shop, uniq_pikel
D:5:      layout_cave_pools, uniq_ijyb
Temple:   nicolae_temple_the_god_donut

Skill      XL: |  1  2  3  4 |
---------------+-------------+-----
Stealth        | 3 |  3.0
Unarmed Combat | 3 |  3.9
Fighting       | 3 |  3.1
Dodging        | |  1.6

Action                   |  1- 3 |  4- 6 || total
-------------------------+-------+-------++-------
Melee: Unarmed           |    92 |    73 ||   165
       Punch             |     4 |     1 ||     5
Evoke: Wand              |       |     3 ||     3
 Stab: Sleeping          |     5 |     4 ||     9
Armor: Robe              |    22 |    18 ||    40
Dodge: Dodged            |    49 |    36 ||    85
